 Dungeon Crawl Stone Soup version 0.29-a0-352-g0917bc69df (webtiles) character file.

Game seed: 3933195500607247306

21 Flugkiller the Firebug (level 2, -5/21 HPs)
             Began as an Octopode Cinder Acolyte on Apr 24, 2022.
             Was a High Priest of Ignis.
             Slain by an orc
             ... wielding a +0 morningstar
              (8 damage)
             ... on level 3 of the Dungeon.
             The game lasted 00:00:40 (796 turns).

Flugkiller the Firebug (Octopode Cinder Acolyte)     Turns: 796, Time: 00:00:41

Health: -5/21      AC:  1    Str: 13    XL:     2   Next: 87%
Magic:  3/3        EV: 12    Int: 16    God:    Ignis [*****.]
Gold:   82         SH:  0    Dex:  7    Spells: 3/3 levels left

rFire   + . .      SeeInvis .   h - +0 halberd
rCold   . . .      Faith    .   (shield currently unavailable)
rNeg    . . .      Spirit   .   (helmet restricted)
rPois   .          Reflect  .   (no amulet)
rElec   .          Harm     .   (no ring)
rCorr   .          Rampage  .   (no ring)
Will    .....                   (no ring)
Stlth   +++.......              (no ring)
HPRegen 0.07/turn               (no ring)
MPRegen 0.08/turn               (no ring)
                                (no ring)
                                (no ring)

@: no status effects
A: almost no armour, amphibious, 8 rings, camouflage 1, gelatinous body 1,
(nimble swimmer 1), tentacles
a: Renounce Religion, Fiery Armour, Foxfire Swarm, Rising Flame


You were on level 3 of the Dungeon.
You worshipped Ignis.
Ignis was extremely pleased with you.
You visited 1 branch of the dungeon, and saw 4 of its levels.

You collected 82 gold pieces.

Inventory:

Hand Weapons
 a - a -1 spear of flaming
 d - a +0 rapier
   (You found it on level 1 of the Dungeon)
 h - a +0 halberd (weapon)
   (You found it on level 3 of the Dungeon)
Scrolls
 b - a scroll of identify {unknown}
 f - a scroll of fear {unknown}
 g - a scroll of noise {unknown}
 i - a scroll of enchant armour {unknown}
Potions
 c - 2 potions of flight {unknown}
 e - a potion of attraction {unknown}


   Skills:
 - Level 3.0 Fighting
 - Level 3.0 Polearms
 + Level 1.5 Dodging
 + Level 2.4 Stealth
 - Level 1.0 Spellcasting
 - Level 3.0 Fire Magic


You had 3 spell levels left.
You didn't know any spells.
Your spell library contained the following spells:

 Spells                   Type           Power      Damage    Failure   Level
 Scorch                   Fire           20%        2d6       10%         2


Dungeon Overview and Level Annotations

Branches:
Dungeon (4/15)
 Temple: D:4-7

Altars:


Innate Abilities, Weirdness & Mutations

You cannot wear most types of armour.
You are amphibious.
You can wear up to eight rings at the same time.
Your skin changes colour to match your surroundings (Stealth+).
Your rubbery body absorbs attacks. (AC +1, EV +1)
((You are camouflaged when in or above water. (Stealth+)))
You have tentacles for arms and can constrict up to eight enemies at once.


Message History

The rat is severely wounded.
You hit the rat but do no damage. Your grab misses the rat.
Your tentacle-slap misses the rat.
Your squeeze misses the rat.
The rat is severely wounded.
The rat barely misses you.
You closely miss the rat. Your grab misses the rat.
The rat is severely wounded.
The rat misses you.
You hit the rat but do no damage. You grab the rat. You squeeze the rat.
You kill the rat!
A frilled lizard comes into view.
A frilled lizard is nearby!
A frilled lizard is nearby!
You reach to attack!
The helpless frilled lizard fails to defend itself.
You hit the frilled lizard. You burn the frilled lizard.
You kill the frilled lizard!
No target in view!
No target in view!
No target in view!
Found a stone staircase leading down.
You see here a ball python skeleton.
You open the door.
There is an open door here.
As you open the door, it creaks loudly!
There is an open door here.
You now have 70 gold pieces (gained 14).
f - a scroll labelled LEADGH TUW YSMI No target in view!
No target in view!
No target in view!
No target in view!
No target in view!
No target in view!
Done exploring.
Done exploring.
Done exploring.
No target in view!
(D) Dungeon
Where to? (Enter - D:1 @ (x,y), ? - help)
There is a stone staircase leading down here.
You climb downwards.
There is a stone staircase leading up here.
A sourceless malevolence fills the Dungeon...
You fall into a shaft and drop 2 floors!
The shaft crumbles and collapses.
An endoplasm comes into view.
Found 6 gold pieces.
Found a stone staircase leading up.
A hound comes into view.
There is a stone staircase leading up here.
You climb upwards.
Found 7 gold pieces and a halberd.
Found a stone staircase leading down and a stone staircase leading up.
There is a stone staircase leading down here.
You now have 77 gold pieces (gained 7).
Found a whip.
You see here a +0 halberd.
g - a scroll labelled XOVENA RUF FETUACW
Found a leather armour.
No target in view!
No target in view!
No target in view!
No target in view!
You see here a +0 halberd.
h - a +0 halberd Your -1 spear of flaming stops flaming.
h - a +0 halberd (weapon)
i - a scroll labelled CUINGI EROUQO Key pressed, stopping explore.
You now have 82 gold pieces (gained 5).
Key pressed, stopping explore.
A giant cockroach and 4 orcs come into view.
The orc shouts!
An orc comes into view. It is wielding a +0 whip.
The orc moves out of view.
Found 7 gold pieces.
You reach to attack!
You barely miss the orc.
The orc shouts! x4
The orc misses you.
You reach to attack!
You closely miss the orc. The orc barely misses you.
The orc hits you from afar with a +0 trident.
You reach to attack!
You closely miss the orc. The orc closely misses you.
Unknown command.
Unknown command.
Unknown command.
Unknown command.
Unknown command.
There are monsters nearby!
The orc attacks as you move away! The orc misses you.
You don't know any spells.
You don't know any spells.
Unknown command.
The orc attacks as you move away! The orc hits you with a +0 morningstar!
Ouch! That really hurt!
* * * LOW HITPOINT WARNING * * *
You are too injured to fight recklessly!
You are too injured to fight recklessly!
You barely miss the orc. Your grab misses the orc.
The orc hits you with a +0 morningstar!
You die...

#.....#
#.....#
##.#### #.#
#.# #.# #.#
# #.# #.
#@#
#.##..###o#
#..o.oB.o.#
...##..####
...#. ....
#. ... ..
.. $. # ...


You could see 2 orcs.

Vanquished Creatures
  2 ball pythons (D:1)
  An endoplasm (D:1)
  A giant cockroach (D:1)
  A goblin (D:1)
  A hobgoblin (D:1)
  2 jackals (D:1)
  2 kobolds (D:1)
  4 quokkas (D:1)
  3 bats (D:1)
  A frilled lizard (D:1)
  A rat (D:1)
19 creatures vanquished.

Notes
Turn   | Place    | Note
-------+----------+-------------------------------------------
     0 | D:1      | Flugkiller the Octopode Cinder Acolyte began the quest for
                  | the Orb.
     0 | D:1      | Reached XP level 1. HP: 16/16 MP: 2/2
    62 | D:1      | Reached skill level 1 in Stealth
   114 | D:1      | Reached skill level 1 in Dodging
   114 | D:1      | Reached XP level 2. HP: 21/21 MP: 3/3
   715 | D:2      | You fall into a shaft and drop 2 floors!
   796 | D:3      | Slain by an orc

Illustrated notes

Levels and vault maps discovered:
D:1:      minmay_arrival_diagonal_passages, layout_basic, minivault_4
D:2:      layout_basic
D:3:      layout_rooms
D:4:      layout_cave_pods, grunt_ministairs_13, minmay_quantized,
          uniq_blork_the_orc

Skill      XL: |  1  2 |
---------------+-------+-----
Stealth        | 1 2 |  2.4
Dodging        | 1 |  1.5
Fighting       | |  3.0
Polearms       | |  3.0
Spellcasting   | |  1.0
Fire Magic     | |  3.0

Action                   || total
-------------------------++-------
Melee: Spear             ||    42
       Constrict         ||    10
       Tentacles         ||     6
       Halberd           ||     4
       Punch             ||     1
 Stab: Sleeping          ||     6
Armor: Skin              ||     3
Dodge: Dodged            ||    15

Table legend: (Time is in decaauts)
 A = Elapsed time spent in this place.
 B = Non-inter-level travel time spent in this place.
 C = Inter-level travel time spent in this place.
 D = Time resting spent in this place.
 E = Time spent auto-exploring this place.
 F = Levels seen in this place.
 G = Mean time per level.
                   A        B        C        D        E       F      G
               +--------+--------+--------+--------+--------+-----+--------+
         Total |    793 |    769 |     24 |      0 |    623 |   4 |  198.2 |
       Dungeon |    793 |    769 |     24 |      0 |    623 |   4 |  198.2 |
               +--------+--------+--------+--------+--------+-----+--------+

Top non-repeatable levels by time:
     D:1: 705 daAuts
     D:3: 75 daAuts
     D:2: 6 daAuts
     D:4: 5 daAuts
